 Dungeon Crawl Stone Soup version 0.20.0-8-g6b59dc7 (webtiles) character file.

39 Gravenous the Bolt Thrower (level 3, 0/20 HPs)
             Began as a Kobold Arcane Marksman on May 30, 2017.
             Slain by an adder (1 damage)
             ... on level 2 of the Dungeon.
             The game lasted 00:02:35 (981 turns).

Gravenous the Bolt Thrower (Kobold Arcane Marksman)  Turns: 981, Time: 00:02:36

Health: 0/20       AC:  4    Str:  8    XL:     3   Next: 70%
Magic:  1/4        EV: 15    Int: 14    God:
Gold:   104        SH:  0    Dex: 15    Spells: 1/4 levels left

rFire    . . .     SeeInvis .   a - +0 hand crossbow
rCold    . . .     Gourm    .   (shield restricted)
rNeg     . . .     Faith    .   e - +0 robe
rPois    .         Spirit   .   (helmet restricted)
rElec    .         Reflect  .   (no cloak)
rCorr    .         Harm     .   (no gloves)
MR       .....                  (no boots)
Stlth    +.........             (no amulet)
Regen    0.1/turn               (no ring)
MPRegen  0.1/turn               (no ring)

@: lethally poisoned (0 -> -8)
A: horns 1, molten scales 1, carnivore 3
a: no special abilities


You were on level 2 of the Dungeon.
You were completely stuffed.

You visited 1 branch of the dungeon, and saw 2 of its levels.

You collected 104 gold pieces.

Inventory:

Hand Weapons
 a - a +0 hand crossbow (weapon)
 k - a +0 short sword
Missiles
 d - 40 bolts (quivered)
Armour
 e - a +0 robe (worn)
Jewellery
 g - an uncursed amulet of rage {unknown}
Scrolls
 b - a scroll of identify {unknown}
Potions
 h - a potion of heal wounds {unknown}
Books
 c - a book of Debilitation

   Spells                             Type                      Level
   a - Corona                         Hexes                        1
   b - Slow                           Hexes                        2
   c - Inner Flame                    Hexes/Fire                   3
   d - Portal Projectile              Hexes/Translocation          3
   e - Cause Fear                     Hexes                        4
   f - Leda's Liquefaction            Hexes/Earth                  4
Comestibles
 f - 2 meat rations
 i - 9 chunks of flesh


   Skills:
 - Level 1.1 Fighting
 * Level 4.2 Crossbows
 - Level 2.4 Dodging
 - Level 1.1 Spellcasting
 + Level 3.3 Hexes


You had one spell level left.
You knew the following spells:

 Your Spells              Type           Power        Failure   Level  Hunger
a - Corona                Hex            ##.....      7%          1    ##.....
b - Slow                  Hex            ##......     10%         2    ###....


Dungeon Overview and Level Annotations

Branches:
Dungeon (2/15)

Altars:


Innate Abilities, Weirdness & Mutations

You are small and have problems with some larger weapons.
You are carnivorous and can eat meat at any time.
You have a pair of small horns on your head.
You are partially covered in molten scales. (AC +2)


Message History

Press: ? - help, Shift-Dir - straight line, f/p - adder
Aim: an adder (lightly wounded)
You shoot a bolt. The bolt misses the adder.
You feel sick. The adder closely misses you. The adder bites you.
* * * LOW HITPOINT WARNING * * *
Firing (i - inventory):
d - 41 bolts (quivered)
Press: ? - help, Shift-Dir - straight line, f/p - adder
Aim: an adder (lightly wounded)
You shoot a bolt. The bolt hits the adder.
The adder is moderately wounded.
The adder bites you.
* * * LOW HITPOINT WARNING * * *
You are more poisoned.
The adder poisons you!
It was a potion of mutation.
You feel extremely strange. A pair of horns grows on your head!
Molten scales grow over part of your body.
* * * LOW HITPOINT WARNING * * *
You feel sick. The adder closely misses you. The adder bites you.
You die...

.#.<....########..
.##.....# .#
.....#..# .#
###...#.###### .#
#..#......... .#
#...#.####### .#
##..#..# .#
##...##.##
######S######
#...#....#
#....@......#
#...###..#
#.####.####.# #...#
#..# #.####.#
#...###..# #......#
.....##..###.####.##
......#......###....
......##..........#
.≈≈.≈≈.#.###.####...
≈≈.≈.≈≈#.# #.#


You could see an adder.

Vanquished Creatures
  An ooze (D:1)
  A dart slug (D:2)
  5 bats
  3 giant cockroaches (D:1)
  A goblin (D:1)
  2 hobgoblins (D:1)
  7 jackals
  2 kobolds (D:1)
  5 frilled lizards
  4 rats (D:1)
31 creatures vanquished.

Notes
Turn   | Place    | Note
-------+----------+-------------------------------------------
     0 | D:1      | Gravenous the Kobold Arcane Marksman began the quest for the Orb.
     0 | D:1      | Reached XP level 1. HP: 12/12 MP: 2/2
   306 | D:1      | Reached skill level 3 in Crossbows
   306 | D:1      | Reached XP level 2. HP: 16/16 MP: 0/3
   517 | D:1      | Reached XP level 3. HP: 20/20 MP: 4/4
   521 | D:1      | Learned a level 2 spell: Slow
   800 | D:2      | Reached skill level 4 in Crossbows
   981 | D:2      | Gained mutation: You have a pair of small horns on your head. [potion of mutation]
   981 | D:2      | Gained mutation: You are partially covered in molten scales. (AC +2) [potion of mutation]
   981 | D:2      | HP: 1/20 [poisoned by an adder]
   981 | D:2      | Slain by an adder

Skill      XL: |  1  2  3 |
---------------+----------+-----
Crossbows      | 3 4 |  4.2
Fighting       | |  1.1
Dodging        | |  2.4
Spellcasting   | |  1.1
Hexes          | |  3.3

Action                   || total
-------------------------++-------
 Fire: Hand crossbow     ||    73
 Cast: Corona            ||     5
       Slow              ||     2
  Use: Scroll            ||     2
       Potion            ||     1
  Eat: Chunk             ||     9
Armor: Robe              ||     4
Dodge: Dodged            ||    38
